 Dungeon Crawl Stone Soup version 0.30-a0-140-gd1020e658a (webtiles) character file.

Game seed: 16877393814584031381

2758 jimonade the Thaumaturge (level 10, -34/61 HPs)
             Began as a Djinni Fire Elementalist on Sept 24, 2022.
             Was an Initiate of Ashenzari.
             Killed from afar by Fannar (61 damage)
             ... with a bolt of cold
             ... on level 10 of the Dungeon.
             The game lasted 00:24:04 (6528 turns).

jimonade the Thaumaturge (Djinni Fire Elementalist) Turns: 6528, Time: 00:24:04

Health: -34/61     AC: 10    Str:  9    XL:     10   Next: 0%
Gold:   297        EV: 27    Int: 17    God:    Ashenzari [......] SH:  0 Dex: 16

rFire   + + .      SeeInvis .    a - +3 spear (antimagic)
rCold   x . .      Faith    .    (no shield)
rNeg    . . .      Spirit   +    u - +4 moon troll leather armour {Spirit, Regen++ MP+5}
rPois   ∞          Reflect  .    e - +1 helmet
rElec   .          Harm     .    (no cloak)
rCorr   .          Rampage  .    (no gloves)
Will    +....                    (boots unavailable)
Stlth   ++........               v - amulet of the acrobat
HPRegen 1.80/turn                (no ring)
MPRegen 0.00/turn                (no ring)

@: acrobatic, flying
A: sickness immunity, fire resistance 2, cold vulnerability 1, float, innate
caster, HP casting, extra vitality 1
a: Renounce Religion, Curse Item


You were on level 10 of the Dungeon.
You worshipped Ashenzari.
Ashenzari was noncommittal.
You visited 2 branches of the dungeon, and saw 9 of its levels.
You also visited: Sewer.

You collected 297 gold pieces.

Inventory:

Hand Weapons
 a - a +3 antimagic spear (weapon)
 b - a +2 short sword of speed
 i - a +0 sling
 j - a +2 vampiric spear
 k - a +0 broad axe
 l - a +0 dagger
 A - a +0 dagger
Missiles
 w - 4 throwing nets
 z - 18 poisoned darts
Armour
 e - a +1 helmet (worn)
 p - a +0 ring mail
 u - the +4 moon troll leather armour (worn) {Spirit, Regen++ MP+5}
   (You found it on level 3 of the Dungeon)

   MP:        It affects your magic capacity (+5).
   Regen:     It increases your rate of health regeneration.
 y - a +0 robe
Magical Staves
 t - a staff of death
Jewellery
 v - an amulet of the acrobat (around neck)
Wands
 C - a wand of flame (37)
 D - a wand of paralysis (16)
 J - a wand of light (4)
Scrolls
 c - 2 scrolls of fog
 d - 2 scrolls of noise
 f - 4 scrolls of blinking
 r - 3 scrolls of enchant weapon
 B - a scroll of poison
 F - a scroll of immolation {unknown}
 G - 3 scrolls of identify {unknown}
 H - a scroll of brand weapon {unknown}
 I - 2 scrolls of teleportation
Potions
 g - 2 potions of might {unknown}
 h - 2 potions of ambrosia {unknown}
 m - 3 potions of magic {unknown}
 n - 2 potions of mutation {unknown}
 o - 5 potions of brilliance {unknown}
 q - a potion of cancellation {unknown}
 s - a potion of attraction {unknown}
 x - a potion of invisibility {unknown}
 E - a potion of degeneration {unknown}


   Skills:
 * Level 0.9 Fighting
 * Level 2.5 Dodging
 - Level 1.5 Stealth
 + Level 10.2 Spellcasting


You had 8 spell levels left.
You knew the following spells:

 Your Spells              Type           Power      Damage    Failure   Level
a - Foxfire               Conj/Fire      100%       2x1d9     1%          1
b - Scorch                Fire           86%        2d9       1%          2
c - Kindle Blastsparks    Fire/Tloc/Air  86%        2d17      1%          3
d - Inner Flame           Hex/Fire       43%        N/A       1%          3
e - Flame Wave            Conj/Fire      43%        2d11      1%          4
f - Freeze                Ice            100%       1d11      1%          1
g - Poisonous Vapours     Pois/Air       86%        N/A       1%          2
h - Ensorcelled Hibernat  Hex/Ice        86%        N/A       1%          2
i - Mephitic Cloud        Conj/Pois/Air  43%        N/A       1%          3
Your spell library was empty.

Dungeon Overview and Level Annotations

Branches:
Dungeon (10/15)            Temple (1/1) D:4           Sewer (visited)
   Lair: D:8-11         Orc: D:9-12

Altars:
Ashenzari
Cheibriados
Dithmenos
Fedhas
Gozag
Hepliaklqana
Makhleb
Nemelex Xobeh
Okawaru
Qazlal
Trog
Wu Jian
Yredelemnul
Zin
The Shining One

Shops:
D:3 *

Annotations:
D:4 2 transporters, Darkkill's ghost, weakling HONe
D:10 Fannar


Innate Abilities, Weirdness & Mutations

You are immune to sickness and miasma.
You are immune to poison.
Your flesh is very heat resistant. (rF++)
You are vulnerable to cold. (rC-)
You float through the air rather than walking.
You learn spells naturally, not from books.
Your magical power is your life essence.
You have superior vitality. (+4 MHP)


Message History

The wight is filled with an inner flame.
Your foxfire dissipates!
You conjure some foxfire!
The foxfire hits the wight.
Flame seeps out of the wight.
The wight is lightly damaged.
The wight is engulfed in blazing flames.
Flame seeps out of the wight.
The wight zaps a wand.
The bolt of light misses you.
Your foxfire dissipates!
The wight is engulfed in blazing flames.
The wight explodes!
You have reached level 10!
There is an open door here.
You reach down and open the door.
There is an open door here.
There is an open door here.
Things that are here:
a +1 battleaxe; a +0 robe
Things that are here:
a +4 spear; a +0 robe
J - a wand of light (4)
Things that are here:
a +0 dagger; a +0 robe
Things that are here:
a +3 falchion; a +0 robe Fannar the Cold-Hearted comes into view.
They are wielding a +0 quarterstaff of freezing and wearing a +1 robe of cold resistance.
Fannar shouts!
Fannar brushes some snowflakes from their robe.
Fannar gestures wildly while chanting.
Fannar drains the heat from the surrounding environment!
You feel a terrible chill!
Ouch! That really hurt!
Things that are here:
a +4 spear; a +0 robe
Things that are here:
a +1 battleaxe; a +0 robe Fannar casts a spell at you.
The bolt of cold hits you!!!
You feel a terrible chill!
Ouch! That really hurt!
You die...

.# .. .. #. #'# #.####
#..## #....# #####e.#
####'### ###...##>###
####......#
.........).####..'......#
.8.........)@...##......+
........).)#######......#
...8.......# #......#
.......)...# #..<...#
...8.......# #......#
...........# ########
.8.....##### ......#
###...


You could see Fannar.

Vanquished Creatures
  Sigmund (D:3)
  Menkaure (D:7)
  A water moccasin (D:7)
  A sky beast (D:7)
  An orc warrior (D:6)
  A black bear (D:6)
  A centaur (D:6)
  A phantom (D:5)
  3 kobold brigands
  A necrophage (D:5)
  A bullfrog (D:6)
  A gnoll sergeant (D:6)
  4 scorpions
  8 wights
  An orc priest (D:6)
  5 hounds
  A gnoll bouda (D:5)
  2 jellies
  Jessica (D:3)
  Ijyb (D:4)
  Terence (D:2)
  An iguana (D:5)
  4 orc wizards
  17 gnolls
  16 adders
  3 river rats (D:4)
  A white imp (D:6)
  2 worms
  2 dart slugs
  15 orcs
  10 ball pythons
  7 bats
  3 endoplasms
  2 giant cockroaches
  3 goblins
  5 hobgoblins
  A jackal (Sewer)
  A quokka (D:3)
  8 frilled lizards
  12 kobolds
  13 rats
164 creatures vanquished.

Vanquished Creatures (collateral kills)
  A foxfire (Sewer)
1 creature vanquished.

Vanquished Creatures (others)
  185 foxfires
  8 plants
193 creatures vanquished.

Grand Total: 358 creatures vanquished

Notes
Turn   | Place    | Note
-------+----------+-------------------------------------------
     0 | D:1      | jimonade the Djinni Fire Elementalist began the quest for
                  | the Orb.
     0 | D:1      | jimonade set off with the following spells memorised:
                  | Foxfire, Scorch, Kindle Blastsparks, Inner Flame, Flame
                  | Wave.
     0 | D:1      | Reached XP level 1. HP: 15/15 MP: 0/0
    89 | D:1      | Reached XP level 2. HP: 18/21 MP: 0/0
   384 | D:1      | Reached skill level 3 in Spellcasting
  1057 | D:2      | Reached XP level 3. HP: 20/25 MP: 0/0
  1057 | D:2      | Learned a level 1 spell: Freeze
  1555 | D:2      | Noticed Terence
  1570 | D:2      | Killed Terence
  1571 | D:2      | Reached XP level 4. HP: 2/31 MP: 0/0
  2169 | D:2      | Reached skill level 4 in Spellcasting
  2169 | D:2      | Reached XP level 5. HP: 31/35 MP: 0/0
  2169 | D:2      | Learned a level 2 spell: Poisonous Vapours
  2366 | D:3      | Found the +4 moon troll leather armour {Spirit, Regen++
                  | MP+5}
  2367 | D:3      | Found a faded altar of an unknown god.
  2520 | D:3      | Found Qystrez's General Store.
  2589 | D:3      | Found a glowing silver altar of Zin.
  2589 | D:3      | Noticed an angel
  2631 | D:3      | Reached XP level 6. HP: 40/40 MP: 0/0
  2638 | D:3      | Reached skill level 5 in Spellcasting
  2721 | D:3      | Noticed Sigmund
  2731 | D:3      | Killed Sigmund
  2732 | D:3      | Reached XP level 7. HP: 45/45 MP: 0/0
  2732 | D:3      | Learned a level 2 spell: Ensorcelled Hibernation
  2917 | D:3      | Noticed Jessica
  2920 | D:3      | Killed Jessica
  3128 | D:4      | Reached skill level 6 in Spellcasting
  3185 | D:4      | Found a stormy altar of Qazlal.
  3222 | D:4      | Found a transporter.
  3233 | D:4      | Found a staircase to the Ecumenical Temple.
  3241 | Temple   | Entered the Ecumenical Temple
  3431 | D:4      | Found a transporter.
  3466 | D:4      | Found a glowing drain.
  3474 | Sewer    | Entered a sewer
  4129 | D:4      | Noticed Darkkill's ghost (weakling HONe)
  4145 | D:4      | Reached XP level 8. HP: 49/50 MP: 0/0
  4251 | D:4      | Noticed Ijyb
  4257 | D:4      | Killed Ijyb
  4258 | D:4      | Reached skill level 7 in Spellcasting
  4616 | D:5      | Entered Level 5 of the Dungeon
  4738 | D:5      | Found an iron altar of Okawaru.
  4797 | D:5      | Found an opulent altar of Gozag.
  4842 | D:5      | Found a basalt altar of Yredelemnul.
  4970 | D:5      | Reached skill level 8 in Spellcasting
  5000 | D:5      | Found a blossoming altar of Fedhas.
  5015 | D:5      | Found a hazy altar of Hepliaklqana.
  5038 | D:5      | Found a shadowy altar of Dithmenos.
  5061 | D:5      | Found a burning altar of Makhleb.
  5313 | D:5      | Found a broken altar of Ashenzari.
  5343 | D:5      | Became a worshipper of Ashenzari the Shackled
  5495 | D:6      | Reached XP level 9. HP: 52/55 MP: 0/0
  5495 | D:6      | Learned a level 3 spell: Mephitic Cloud
  5642 | D:6      | Reached skill level 9 in Spellcasting
  6333 | D:7      | Noticed Menkaure
  6337 | D:7      | Killed Menkaure
  6390 | D:7      | Reached skill level 10 in Spellcasting
  6460 | D:7      | You are sucked into a shaft and drop 3 floors!
  6460 | D:10     | Entered Level 10 of the Dungeon
  6497 | D:10     | Reached XP level 10. HP: 61/61 MP: 0/0
  6524 | D:10     | Noticed Fannar
  6528 | D:10     | Killed from afar by Fannar

Illustrated notes

Levels and vault maps discovered:
D:1:      evilmike_arrival_plus, layout_basic
D:2:      layout_basic, uniq_terence
D:3:      layout_basic, zin_angel, kiku_gazebo_pond_becter, serial_shops, shop,
          chequers_ecumenical_altar_simple, uniq_jessica, uniq_sigmund
D:4:      layout_gridville, nicolae_qazlal_scattered_showers,
          minmay_temple_entry_butterflies, serial_glass, glass_columns_a,
          glass_columns_b, lightli_sewer_entry_pipes, gammafunk_ghost_arena,
          uniq_ijyb
D:5:      layout_basic, mainiacjoe_overflow_chevrons,
          lemuel_coloured_pillars_altar, fedhas_altar_1, lemuel_doored_altar,
          makhleb_blood_cavern_becter, overflow_temple_1_default,
          pf_just_have_faith, grunt_dithmenos_smoke_and_mirrors,
          kennysheep_generic_room_2
D:6:      layout_loops_corners
D:7:      layout_cave_pools, xom_shifter_show, elyvilon_altar_4,
          minmay_misc_feat_ornament, uniq_menkaure
D:10:     layout_roguey, nicolae_ru_path_of_blood, nicolae_uskayaw_dance_hall,
          dpeg_oklobed_lair, serial_shops, nicolae_take_the_stairs, uniq_fannar,
          uniq_snorg, uniq_maggie
Temple:   nicolae_temple_ecumenical_triangle

Skill      XL: |  1  2  3  4  5  6  7  8  9 |
---------------+----------------------------+-----
Spellcasting   | 3 4 5 6 8 10 | 10.2
Fighting       | |  0.9
Dodging        | |  2.5
Stealth        | |  1.5

Action                   |  1- 3 |  4- 6 |  7- 9 | 10-12 || total
-------------------------+-------+-------+-------+-------++-------
Melee: Short sword       |     1 |       |       |       ||     1
       Spear             |       |       |    14 |       ||    14
 Cast: Foxfire           |    25 |    27 |    57 |       ||   109
       Scorch            |    18 |    11 |    74 |       ||   103
       Inner Flame       |       |     6 |    46 |       ||    52
       Poisonous Vapours |       |     3 |    33 |       ||    36
       Flame Wave        |       |       |     1 |       ||     1
       Kindle Blastspark |       |       |     1 |       ||     1
  Use: Scroll            |       |       |    11 |       ||    11
Armor: Robe              |     1 |     2 |       |       ||     3
       Troll leather arm |       |       |    14 |       ||    14
Dodge: Dodged            |     4 |     2 |    37 |       ||    43

Table legend: (Time is in decaauts)
 A = Elapsed time spent in this place.
 B = Non-inter-level travel time spent in this place.
 C = Inter-level travel time spent in this place.
 D = Time resting spent in this place.
 E = Time spent auto-exploring this place.
 F = Levels seen in this place.
 G = Mean time per level.
                   A        B        C        D        E       F      G
               +--------+--------+--------+--------+--------+-----+--------+
         Total |   6524 |   6207 |    317 |    376 |   4474 |  10 |  652.4 |
       Dungeon |   5846 |   5533 |    313 |    376 |   4048 |   8 |  730.8 |
        Temple |     65 |     61 |      4 |      0 |     38 |   1 |   65.0 |
         Sewer |    612 |    612 |      0 |      0 |    388 |   1 |  612.0 |
               +--------+--------+--------+--------+--------+-----+--------+

Top non-repeatable levels by time:
     D:2: 1207 daAuts
     D:1: 1053 daAuts
     D:4: 869 daAuts
     D:6: 865 daAuts
     D:3: 858 daAuts
     D:5: 787 daAuts
   Sewer: 612 daAuts
     D:7: 136 daAuts
    D:10: 67 daAuts
  Temple: 65 daAuts
